 Dungeon Crawl Stone Soup version 0.22-a0-305-gd21a89c538 (webtiles) character file.

74 Deemzul the Skirmisher (level 4, -7/42 HPs)
             Began as a Naga Fighter on Mar 30, 2018.
             Mangled by Sigmund
             ... wielding a +2 scythe of slicing
              (9 damage)
             ... on level 2 of the Dungeon.
             The game lasted 00:00:39 (786 turns).

Deemzul the Skirmisher (Naga Fighter)                Turns: 786, Time: 00:00:40

Health: -7/42      AC:  6    Str: 20    XL:     4   Next: 30%
Magic:  4/4        EV:  5    Int:  8    God:
Gold:   80         SH:  9    Dex: 10    Spells: 3/3 levels left

rFire    . . .     SeeInvis +   a - +0 war axe
rCold    . . .     Gourm    .   c - +0 shield
rNeg     . . .     Faith    .   b - +0 scale mail
rPois    +         Spirit   .   (no helmet)
rElec    .         Reflect  .   (no cloak)
rCorr    .         Harm     .   e - +0 pair of gloves
MR       .....                  (no barding)
Stlth    ..........             (no amulet)
HPRegen  0.14/turn              (no ring)
MPRegen  0.09/turn              (no ring)

@: berserk cooldown, slowed, very slow
A: large, see invisible, deformed body, poison resistance, slowness 2, slow
metabolism 1, spit poison 1, AC +1
a: Spit Poison


You were on level 2 of the Dungeon.
You were not hungry.

You visited 1 branch of the dungeon, and saw 2 of its levels.

You collected 80 gold pieces.

Inventory:

Hand Weapons
 a - a +0 war axe (weapon)
Armour
 b - a +0 scale mail (worn)
 c - a +0 shield (worn)
 e - a +0 pair of gloves (worn)
Scrolls
 g - a scroll of remove curse {unknown}
 i - a scroll of enchant weapon {unknown}
 k - a scroll of magic mapping {unknown}
Potions
 d - a potion of might
 j - a potion of lignification {unknown}
Comestibles
 f - 2 rations


   Skills:
 + Level 3.4 Fighting
 * Level 3.1 Axes
 + Level 2.8 Armour
 + Level 2.8 Shields


You had 3 spell levels left.
You didn't know any spells.

Dungeon Overview and Level Annotations

Branches:
Dungeon (2/15)

Altars:
Ashenzari

Annotations:
D:2 Sigmund


Innate Abilities, Weirdness & Mutations

You cannot wear boots.
Your serpentine skin is tough. (AC +1)
You have supernaturally acute eyesight. (SInv)
Armour fits poorly on your strangely shaped body.
Your system is resistant to poisons. (rPois)
You cover ground very slowly.
You have a slow metabolism.
You can spit poison.


Message History

Unknown command.
You miss Sigmund.
Sigmund is moderately wounded.
Sigmund hits you with a scythe of slicing.
* * * LOW HITPOINT WARNING * * *
x2 Sigmund hits you from afar with a scythe of slicing.
* * * LOW HITPOINT WARNING * * *
x2 Unknown command.
You bump into the rock wall.
You feel a strong urge to attack something.
You feel less confused.
You are no longer berserk.
You are exhausted.
You feel yourself slow down. Sigmund casts a spell at you.
You block the puff of flame.
You closely miss Sigmund.
Sigmund is moderately wounded.
Sigmund hits you with a scythe of slicing!
You die...

#. ....... #. ....... #.
....... #. ....... #.
.>..... #. ....... #.
.......#################.
#..w@@................
######################


You could see Sigmund and a dart slug.

Vanquished Creatures
  2 bullfrog skeletons (D:2)
  A dart slug (D:1)
  3 bats
  4 giant cockroaches
  A goblin (D:1)
  2 hobgoblins
  2 rats
15 creatures vanquished.

Notes
Turn   | Place    | Note
-------+----------+-------------------------------------------
     0 | D:1      | Deemzul the Naga Fighter began the quest for the Orb.
     0 | D:1      | Reached XP level 1. HP: 21/21 MP: 1/1
   204 | D:1      | Reached XP level 2. HP: 22/28 MP: 2/2
   210 | D:1      | Found a shattered altar of Ashenzari.
   715 | D:2      | Reached XP level 3. HP: 34/34 MP: 3/3
   744 | D:2      | Reached XP level 4. HP: 33/42 MP: 4/4
   771 | D:2      | Noticed Sigmund
   783 | D:2      | HP: 3/63 [Sigmund/scythe of slicing (4)]
   786 | D:2      | Mangled by Sigmund

Vault maps used:
D:1:      minmay_arrival_arboretum_large, evilmike_ruin_ashenzari
D:2:      first_ration, uniq_sigmund

Skill      XL: |  1  2  3 |
---------------+----------+-----
Axes           | 3 |  3.1
Fighting       | |  3.4
Armour         | |  2.8
Shields        | |  2.8

Action                   |  1- 3 |  4- 6 || total
-------------------------+-------+-------++-------
Melee: War axe           |    44 |     4 ||    48
 Abil: Spit Poison       |       |     1 ||     1
  Use: Potion            |       |     1 ||     1
Armor: Scale mail        |    30 |       ||    30
Dodge: Dodged            |    12 |       ||    12
Block: Shield            |    21 |     2 ||    23

Table legend:
 A = Spawn XP
 B = Non-spawn XP
 C = Spawn XP percentage of total XP
 D = Spawn monster count
 E = Non-spawn monster count
 F = Spawn count percentage of total count
 G = Total turns spent on level
                    A         B        C        D         E        F      G
               +---------+---------+-------+---------+---------+-------+---------
         Total |       0 |     107 |   0.0 |       0 |      15 |   0.0 |   786
               +---------+---------+-------+---------+---------+-------+---------
           D:1 |       0 |      17 |   0.0 |       0 |       8 |   0.0 |   572
           D:2 |       0 |      90 |   0.0 |       0 |       7 |   0.0 |   214
               +---------+---------+-------+---------+---------+-------+---------
